 Dungeon Crawl Stone Soup version 0.29-a0-284-gf9362112df (webtiles) character file.

Game seed: 3870137593115542344

51 pokeman the Magician (level 3, -2/20 HPs)
             Began as a Deep Elf Hedge Wizard on Mar 27, 2022.
             Killed by divine providence
             ... invoked by an orc priest
              (11 damage)
             ... on level 3 of the Dungeon.
             The game lasted 00:04:04 (2598 turns).

pokeman the Magician (Deep Elf Hedge Wizard)        Turns: 2598, Time: 00:04:05

Health: -2/20      AC:  3    Str:  7    XL:     3   Next: 57%
Magic:  1/11       EV: 15    Int: 26    God:
Gold:   118        SH:  0    Dex: 14    Spells: 1/12 levels left

rFire   . . .      SeeInvis .   e - +0 mace
rCold   . . .      Faith    .   (no shield)
rNeg    . . .      Spirit   .   i - +0 leather armour
rPois   .          Reflect  .   c - +0 hat
rElec   .          Harm     .   (no cloak)
rCorr   .          Rampage  .   (no gloves)
Will    .....                   (no boots)
Stlth   ++........              (no amulet)
HPRegen 0.06/turn               k - +4 ring of evasion
MPRegen 0.12/turn               l - +6 ring of intelligence

@: no status effects
A: no striking features
a: no special abilities


You were on level 3 of the Dungeon.
You visited 1 branch of the dungeon, and saw 3 of its levels.

You collected 118 gold pieces.

Inventory:

Hand Weapons
 e - a +0 mace (weapon)
Armour
 c - a +0 hat (worn)
 i - a +0 leather armour (worn)
Jewellery
 k - a +4 ring of evasion (left hand)
 l - a +6 ring of intelligence (right hand)
Scrolls
 g - a scroll of identify {unknown}
 h - a scroll of teleportation {unknown}
 j - a scroll of enchant armour {unknown}
Potions
 a - a potion of curing {unknown}
 b - a potion of ambrosia {unknown}
 d - 2 potions of magic
 f - a potion of cancellation {unknown}
 m - a potion of heal wounds {unknown}


   Skills:
 - Level 1.0 Fighting
 + Level 1.0 Armour
 + Level 2.4 Dodging
 - Level 2.4 Stealth
 * Level 5.3 Spellcasting
 + Level 1.9 Conjurations
 - Level 1.1 Summonings
 - Level 1.1 Translocations


You had one spell level left.
You knew the following spells:

 Your Spells              Type           Power      Damage    Failure   Level
a - Magic Dart            Conj           68%        1d6       4%          1
b - Mephitic Cloud        Conj/Pois/Air  10%        N/A       26%         3
c - Call Imp              Summ           12%        N/A       11%         2
d - Blink                 Tloc           24%        N/A       11%         2
e - Conjure Flame         Conj/Fire      12%        6-21      22%         3

Your spell library contained the following spells:

 Spells                   Type           Power      Damage    Failure   Level
 Sandblast                Erth           12%        2d6       11%         1
 Slow                     Hex            24%        N/A       11%         1
 Passwall                 Tmut/Erth      5%         N/A       16%         2
 Stone Arrow              Conj/Erth      24%        3d8       22%         3


Dungeon Overview and Level Annotations

Branches:
Dungeon (3/15)

Altars:

Shops:
D:3 (


Message History

Press: ? - help, Shift-Dir - straight line, f/p - orc priest
Aim: an orc priest, wielding a +0 trident (confused, chance to affect: 86%)
The ball explodes into a vile cloud!
The stinking cloud engulfs the orc priest but does no damage.
You hear a shout!
You hear an angry hiss.
You hear a shout!
The orc priest is engulfed in noxious fumes.
The orc priest appears confused.
The orc priest wonders, "What am I doing in here?"
Your magical contamination has completely faded away.
Unknown command.
Unknown command.
The orc priest is engulfed in noxious fumes.
The orc priest appears confused.
The orc priest is engulfed in noxious fumes.
The orc priest hits the orc priest with a +0 trident.
The orc priest hits the orc priest with a +0 trident.
The orc priest mumbles something.
The orc priest looks encouraged for a moment.
The orc priest hits you but does no damage.
You hit the orc priest but do no damage.
You strike the helpless orc priest from behind!
You hit the orc priest.
The orc priest is heavily wounded.
The orc priest barely misses you.
The orc priest mumbles some strange prayers to Beogh against you.
Beogh smites you!
Ouch! That really hurt!
The orc priest barely misses you.
The orc priest hits itself with a +0 trident.
Casting: Mephitic Cloud (extremely dangerous; 26% risk of failure)
Confirm with . or Enter, or press ? or * to list all spells.
Aiming: Magic Dart (safe; 4% risk of failure)
Press: ? - help, Shift-Dir - straight line, f/p - orc priest
Aim: an orc priest, wielding a +0 trident (severely wounded, confused, 100% to hit)
The magic dart hits the orc priest.
The orc priest is almost dead.
The orc priest invokes the aid of Beogh against you.
Beogh smites you!
Ouch! That really hurt!
You die...

.. #### .. ##+###... ####o##
#........ #.....# .. #........
#.....###.... ........
#.....'o†..# ######. .†.....
#.....# #...##.##+###...
#.....#########...##..#.###...
#.....'...o.o@.............###
##.....###############...##.#
#..<...'.# ##..##.# #......#.#
#..##.# #......#.#
############..##.# #......#.#
#....##......>...#
........#.###.........###.#..#
#########......#...#..# #....#
#####...#.#...# ####.#


You could see 2 orc priests.

Vanquished Creatures
  An adder (D:2)
  2 dart slugs (D:3)
  2 ball pythons
  2 endoplasms (D:1)
  2 giant cockroaches
  3 goblins
  8 hobgoblins
  2 quokkas (D:1)
  2 bats
  A frilled lizard (D:2)
  5 kobolds
  5 rats
35 creatures vanquished.

Notes
Turn   | Place    | Note
-------+----------+-------------------------------------------
     0 | D:1      | pokeman the Deep Elf Hedge Wizard began the quest for the
                  | Orb.
     0 | D:1      | Reached XP level 1. HP: 10/10 MP: 7/7
   438 | D:1      | Reached XP level 2. HP: 15/15 MP: 7/9
   849 | D:1      | Found a faded altar of an unknown god.
  1385 | D:2      | Reached skill level 5 in Spellcasting
  1476 | D:2      | Reached XP level 3. HP: 15/20 MP: 4/11
  1480 | D:2      | Learned a level 3 spell: Mephitic Cloud
  1483 | D:2      | Learned a level 2 spell: Call Imp
  1486 | D:2      | Learned a level 2 spell: Blink
  1490 | D:2      | Learned a level 3 spell: Conjure Flame
  2423 | D:3      | Reached skill level 1 in Fighting
  2540 | D:3      | Found Lisool's Weapon Shop.
  2570 | D:3      | Reached skill level 1 in Armour
  2598 | D:3      | Killed from afar by an orc priest

Illustrated notes

Levels and vault maps discovered:
D:1:      minmay_arrival_glassed_features, layout_basic,
          shapermc_ecumenical_altar_pompeii
D:2:      layout_loops_ring
D:3:      layout_basic, nicolae_wu_jian_immortal_techniques, serial_shops,
          nicolae_shop_behind_doors, nicolae_shop_advertising_works
          [nicolae_subvault_shop_adworks], shop, uniq_sigmund, uniq_terence

Skill      XL: |  1  2  3 |
---------------+----------+-----
Spellcasting   | 5 |  5.3
Fighting       | 1 |  1.0
Armour         | 1 |  1.0
Dodging        | |  2.4
Stealth        | |  2.4
Conjurations   | |  1.9
Summonings     | |  1.1
Translocations | |  1.1

Action                   || total
-------------------------++-------
Melee: Mace              ||     3
 Cast: Magic Dart        ||    91
       Mephitic Cloud    ||     2
 Stab: Confused          ||     1
Armor: Robe              ||     1
       Leather armour    ||     2
Dodge: Dodged            ||    11

Table legend: (Time is in decaauts)
 A = Elapsed time spent in this place.
 B = Non-inter-level travel time spent in this place.
 C = Inter-level travel time spent in this place.
 D = Time resting spent in this place.
 E = Time spent auto-exploring this place.
 F = Levels seen in this place.
 G = Mean time per level.
                   A        B        C        D        E       F      G
               +--------+--------+--------+--------+--------+-----+--------+
         Total |   2598 |   2524 |     74 |    193 |   2080 |   3 |  866.0 |
       Dungeon |   2598 |   2524 |     74 |    193 |   2080 |   3 |  866.0 |
               +--------+--------+--------+--------+--------+-----+--------+

Top non-repeatable levels by time:
     D:1: 1259 daAuts
     D:2: 1097 daAuts
     D:3: 241 daAuts
